 Dungeon Crawl Stone Soup version 0.17.1-2-g5865329 (webtiles) character file.

86 namelastname112 the Magician (level 4, -2/37 HPs)
             Began as a Draconian Wizard on Jan 11, 2016.
             Killed from afar by namelastname112's ghost (8 damage)
             ... with a magic dart
             ... on level 3 of the Dungeon.
             The game lasted 00:03:32 (1901 turns).

namelastname112 the Magician (Draconian Wizard)     Turns: 1901, Time: 00:03:32

Health: -2/37      AC:  5    Str:  9    XL:     4   Next: 27%
Magic:  1/9        EV: 12    Int: 20    God:
Gold:   97         SH:  0    Dex:  9    Spells: 1 memorised, 9 levels left

rFire  . . .     SeeInvis .     i - +0 short sword
rCold  . . .     Clarity  .     (armour unavailable)
rNeg   + . .     SustAt   .     (no shield)
rPois  .         Gourm    .     a - +0 hat
rElec  .         Spirit   .     (no cloak)
rCorr  .         Warding  +     (no gloves)
rMut   .         Stasis   .     (no boots)
MR     .....                    n - amulet of warding
Stlth  +.........               (no ring)
                                (no ring)

@: lethally poisoned (-2 -> -14), not resistant to hostile enchantments, very
unstealthy
A: unfitting armour, cold-blooded, AC +5
a: no special abilities


You were on level 3 of the Dungeon.
You were very hungry.

You visited 1 branch of the dungeon, and saw 3 of its levels.

You collected 97 gold pieces.

Inventory:

Hand Weapons
 i - a +0 short sword (weapon)
Armour
 a - a +0 hat (worn)
Jewellery
 n - an amulet of warding (around neck)
Scrolls
 e - 3 scrolls of identify {unknown}
 f - 3 scrolls of remove curse {unknown}
 g - 2 scrolls of fog {unknown}
 j - a scroll of fear {unknown}
 k - a scroll of enchant armour {unknown}
 m - a scroll of random uselessness {unknown}
Books
 b - a book of Minor Magic

   Spells                             Type                      Level
   a - Magic Dart                     Conjuration                  1
   b - Blink                          Translocation                2
   c - Call Imp                       Summoning                    2
   d - Repel Missiles                 Charms/Air                   2
   e - Slow                           Hexes                        2
   f - Conjure Flame                  Conjuration/Fire             3
   g - Mephitic Cloud                 Conjuration/Poison/Air       3
Comestibles
 c - a bread ration
 l - a royal jelly


   Skills:
 + Level 2.4 Fighting
 + Level 2.9 Dodging
 - Level 1.7 Stealth
 + Level 3.5 Spellcasting
 - Level 1.0 Conjurations
   Level 1.0 Summonings
   Level 1.0 Translocations


You had 9 spell levels left.
You knew the following spells:

 Your Spells              Type           Power        Failure   Level  Hunger
z - Magic Dart            Conj           #...         12%         1    None


Dungeon Overview and Level Annotations

Branches:
Dungeon (3/15)

Altars:
Zin

Annotations:
D:3 namelastname112's ghost, amateur DrWz


Innate Abilities, Weirdness & Mutations

Your plain brown scales are hard (AC +5).
Your body does not fit into most forms of armour.
You are cold-blooded and may be slowed by cold attacks.


Message History

The worker ant poisons you!
You barely miss the worker ant. You tail-slap the worker ant.
The worker ant is almost dead.
You feel sick. The worker ant bites you. The worker ant bites you.
* * * LOW HITPOINT WARNING * * *
You closely miss the worker ant.
You tail-slap the worker ant, but do no damage.
The worker ant is almost dead.
* * * LOW HITPOINT WARNING * * *
You feel sick.
The worker ant bites you but does no damage.
You hit the worker ant.
You kill the worker ant!
You have reached level 4!
You feel clever.
* * * LOW HITPOINT WARNING * * *
You feel sick.
Namelastname112's ghost gestures at you while chanting.
The magic dart hits you!
You die...

#.#.# #.#.#
#.#.# #.#.#
#######
#.#.####
((....#
#......#
......#
###.##.#
###...#
#...##.####
##.##
#.####..@.#
#.# #.#
####.# #.#
#.# #W# #.#
#.# #.# #.#
#.# #.#
###.# #.#
#.# #...#
#.# #.#
#.#.# #.#
#.# ##.#.#
####.#


You could see namelastname112's ghost.

Vanquished Creatures
  A worker ant (D:3)
  2 adders
  3 giant geckos
  3 goblins
  5 hobgoblins
  7 jackals (D:1)
  A quokka (D:2)
  7 bats
  2 giant cockroaches
  2 giant newts
  5 kobolds
  8 rats
46 creatures vanquished.

Notes
Turn   | Place    | Note
--------------------------------------------------------------
     0 | D:1      | namelastname112 the Draconian Wizard began the quest for the Orb.
     0 | D:1      | Reached XP level 1. HP: 14/14 MP: 4/4
   201 | D:1      | Reached XP level 2. HP: 22/22 MP: 0/6
   210 | D:1      | Reached skill level 1 in Fighting
  1007 | D:2      | Reached XP level 3. HP: 8/29 MP: 0/7
  1664 | D:3      | Found a faded altar to an unknown god.
  1783 | D:3      | Found a glowing silver altar of Zin.
  1823 | D:3      | Noticed namelastname112's ghost (amateur DrWz)
  1859 | D:3      | HP: 1/29 [worker ant (5)]
  1901 | D:3      | Reached XP level 4. HP: 7/37 MP: 0/9
  1901 | D:3      | Killed from afar by namelastname112's ghost

Action                   |  1- 3 |  4- 6 || total
-------------------------+-------+-------++-------
Melee: Unarmed           |    61 |       ||    61
       Short sword       |    48 |       ||    48
 Cast: Magic Dart        |    88 |       ||    88
  Use: Potion            |     5 |       ||     5
 Stab: Sleeping          |     1 |       ||     1
  Eat: Chunk             |     2 |       ||     2
